Map: Ascension to Aiur LE

Players

Yata - Winner!

  • Race: Terran Terran
  • League: Platinum
  • Spawn Location: 11:00

A.I. 1 (Easy)

  • Race: Terran Terran
  • Spawn Location: 5:00

VOD

Have the link to the VOD?

Description

Time

  • Played on: Sept. 28, 2017, 8:33 p.m.
  • Length: 18:34
Show
View Real Time Build Order
Export as new Build Order

Yata Terran - Winner!

Build Orders:  

Get SALT Encoding   

  12  0:01  SCV  
  13  0:13  SCV  
  14  0:20  Supply Depot  
  14  0:26  SCV  
  15  0:42  SCV  
  16  0:45  Barracks  
  16  0:56  SCV  
  17  1:10  SCV  
  18  1:23  SCV  
  19  1:27  Refinery  
  19  1:33  Supply Depot  
  19  1:34  Marine  
  19  1:37  SCV  
  21  1:46  Supply Depot  
  21  2:10  SCV  
  21  2:13  Marine  
  23  2:35  Reaper  
  24  2:47  Command Center  
  24  3:03  Engineering Bay  
  24  3:06  Marine  
  25  3:24  Marine  
  26  3:30  Terran Infantry Weapons Level 1  
  26  3:59  SCV  
  26  4:00  Refinery  
  26  4:02  Factory  
  27  4:03  Supply Depot  
  27  4:09  Orbital Command  
  27  4:11  Orbital Command  
  27  4:19  Barracks Reactor  
  27  4:36  Engineering Bay  
  27  4:50  Starport  
  27  4:57  Marine x2  
  29  5:00  Orbital Command  
  29  5:02  Factory Tech Lab  
  29  5:09  SCV  
  30  5:23  Siege Tank  
  30  5:25  Marine x2  
  35  5:33  SCV  
  36  5:36  SCV  
  37  5:46  Terran Infantry Armor Level 1  
  35  6:08  Marine x2  
  35  6:10  Siege Tank  
  40  6:17  Supply Depot  
  40  6:24  Armory  
  40  6:41  Marine  
  40  6:42  Marine  
  41  7:01  Viking  
  43  7:03  Siege Tank  
  43  7:04  Marine x2  
  48  7:12  Barracks  
  48  7:19  Barracks, SCV  
  49  7:24  Command Center  
  49  7:25  SCV  
  50  7:31  SCV  
  50  7:33  Marine x2  
  53  7:44  Terran Infantry Armor Level 2  
  53  7:49  Refinery, SCV x2  
  55  8:01  Medivac  
  57  8:07  Barracks Reactor  
  57  8:08  Barracks Tech Lab  
  57  8:19  SCV x2  
  59  8:32  Stimpack  
  59  8:34  SCV x2  
  61  8:46  Marine  
  61  8:47  Marine x4  
  66  8:50  Siege Tank  
  66  8:55  SCV x2  
  71  9:39  SCV  
  71  9:43  SCV  
  71  9:44  SCV  
  74  9:49  Marine x3  
  74  9:50  Marine x2  
  74  9:52  Siege Tank  
  82  9:54  Medivac  
  82  9:57  SCV  
  85  10:17  Supply Depot  
  85  10:31  SCV  
  85  10:38  SCV  
  85  10:39  Supply Depot  
  86  10:49  Marine x2  
  87  10:50  Marine x3  
  87  10:55  Medivac  
  93  11:00  Siege Tank  
  96  11:10  Marine x4  
  96  11:11  Marine  
  101  11:48  Terran Infantry Weapons Level 2  
  101  11:51  Refinery  
  101  12:10  Supply Depot  
  101  12:12  Supply Depot  
  101  12:16  Supply Depot, Terran Vehicle Weapons Level 1  
  101  12:31  Siege Tank, SCV x2, Marine x3  
  101  12:33  Viking, SCV, Marine x2  
  114  12:37  Combat Shields  
  114  12:43  SCV x2  
  116  12:45  SCV  
  116  12:51  Marine  
  118  12:53  Refinery  
  118  13:06  Marine x4  
  118  13:08  Siege Tank  
  125  13:23  Supply Depot  
  125  13:33  Supply Depot  
  125  13:38  Supply Depot  
  125  13:42  Command Center  
  125  13:44  SCV x2, Marine x5  
  125  13:46  Supply Depot  
  132  13:55  Medivac  
  134  14:09  Terran Infantry Weapons Level 3  
  134  14:11  Terran Vehicle Weapons Level 2  
  134  14:17  Marine x2  
  134  14:18  Marine x3  
  134  14:21  Siege Tank  
  136  15:28  Marine  
  136  15:29  Marine x4  
  136  15:31  Siege Tank  
  144  15:51  Marine x2  
  144  15:52  Marine x3  
  144  15:55  Starport Reactor  
  149  16:01  Barracks  
  149  16:07  Barracks  
  149  16:09  Marine  
  150  16:51  Barracks  
  150  16:58  Barracks  
  150  17:15  Marine x3  
  148  17:16  Marine x4  
  155  17:33  Marine x2  
  157  17:45  Marine x2  
  157  17:46  Marine  
  157  17:50  Barracks Reactor  
  157  17:51  Marine  
  161  17:53  Barracks Reactor  
  161  17:58  Barracks Reactor  
  161  18:16  Marine x2  
  171  18:27  Supply Depot  
  171  18:31  Supply Depot  
  171  18:33  Supply Depot  
Show
View Real Time Build Order
Export as new Build Order

A.I. 1 (Easy) Terran 

Build Orders:  

Get SALT Encoding   

  12  0:00  SCV  
  13  0:13  SCV  
  14  0:19  Supply Depot  
  14  0:25  SCV  
  15  0:41  SCV  
  15  0:42  Barracks  
  16  0:47  Refinery  
  16  1:11  Supply Depot  
  16  1:21  Refinery  
  16  1:30  Barracks Tech Lab  
  16  1:32  Orbital Command  
  16  1:48  Marine  
  17  1:57  SCV  
  18  2:06  Marauder  
  20  2:09  SCV  
  20  2:11  Supply Depot  
  21  2:21  SCV  
  22  2:27  Marine  
  23  2:34  SCV  
  24  2:45  Marine  
  24  2:46  SCV  
  26  2:58  SCV  
  27  3:03  Marauder  
  29  5:10  Reaper, SCV  
  29  5:13  Supply Depot  
  31  5:15  Factory  
  31  5:16  Command Center  
  31  5:35  SCV  
  32  5:38  Supply Depot  
  32  5:42  Reaper  
  33  5:47  SCV  
  34  6:00  Starport  
  27  6:14  Marine  
  28  6:28  SCV  
  28  6:32  SCV, Marine  
  31  6:35  Refinery  
  31  6:39  Refinery, Starport Tech Lab  
  31  6:40  SCV  
  31  6:45  SCV  
  33  6:49  Marine  
  33  6:52  SCV  
  35  6:57  Raven, SCV  
  38  7:04  SCV  
  38  7:08  Reaper  
  40  7:09  SCV  
  41  7:17  SCV  
  41  7:21  SCV  
  43  7:29  SCV  
  44  7:33  SCV  
  45  7:40  Reaper, Raven  
  45  7:41  SCV  
  49  7:45  SCV  
  50  7:53  SCV  
  50  7:57  SCV  
  52  8:05  SCV  
  53  8:09  SCV  
  53  8:11  Marine  
  55  8:17  SCV  
  56  8:21  SCV  
  56  8:26  Supply Depot  
  57  8:29  Marine, SCV  
  57  8:33  SCV  
  60  8:48  Marauder  
  62  9:08  Marine  
  63  9:27  Marauder  
  64  9:55  Medivac, Factory Tech Lab  
  64  9:57  Engineering Bay  
  64  9:59  Supply Depot  
  66  10:14  Siege Tank  
  69  10:22  Command Center  
  69  10:23  Supply Depot  
  69  10:24  Terran Infantry Weapons Level 1  
  69  10:25  Medivac  
  69  10:28  Marine  
  56  10:46  Marine  
  57  10:54  Siege Tank  
  57  10:55  Raven  
  62  11:07  Marine  
  63  11:25  Marine  
  64  11:33  Siege Tank  
  64  11:34  SCV  
  64  11:38  Raven, SCV  
  71  11:43  SCV  
  71  11:45  Marine  
  73  11:47  Refinery x2, SCV  
  74  12:03  Marine  
  75  12:19  Terran Infantry Armor Level 1  
  75  14:01  Marauder  
  77  14:04  Armory  
  77  14:06  Cyclone  
  80  14:22  Marine  
  79  14:36  Medivac  
  60  14:39  Siege Tank  
  60  14:40  Marine  
  62  14:52  Terran Infantry Armor Level 2  
  62  14:53  Terran Vehicle Weapons Level 1  
  62  14:58  Marine  
  63  15:05  Raven  
  64  15:15  Marine  
  65  15:22  Command Center  
  65  15:33  Marine  
  62  15:43  Hellion  
  62  15:45  Supply Depot  
  62  15:46  SCV  
  62  15:48  Raven  
  42  15:50  SCV  
  42  15:51  Marine  
  44  15:58  SCV  
  44  16:02  SCV  
  47  16:04  Hellion  
  47  16:09  Marauder  
  47  16:10  SCV  
  50  16:14  SCV  
  51  16:22  SCV  
  52  16:27  SCV  
  52  16:31  Raven, Marauder  
  57  16:34  SCV  
  57  16:36  SCV  
  59  16:40  SCV  
  59  16:46  Refinery, SCV  
  61  16:49  Refinery, SCV  
  61  16:52  Marine  
  61  16:53  SCV  
  63  16:58  SCV  
  61  17:02  SCV  
  61  17:03  Hellion  
  56  17:09  Marine  
  56  17:11  SCV  
  56  17:14  Medivac  
  56  17:15  SCV  
  31  17:23  SCV  
  31  17:27  SCV  
  35  17:35  SCV  
  26  17:39  SCV  
  13  17:51  SCV  
  12  18:03  SCV  
Tags
 
League
Platinum
Matchup
TvT
Race
Terran
Replay Pack
Pack 1
Spawn Locations
Cross Positions
Add a new tag
Caveats
  • Supply blocks, unpowered buildings, or Contaminate may cause inaccurate times.
  • Supply counts are checked every 10 seconds.